 Dungeon Crawl Stone Soup version 0.10.2-40-g36e0077 character file.

170 Finale the Grasshopper (level 3, -2/15 HPs)
             Began as a Felid Warper on May 21, 2012.
             Slain by a hound (6 damage)
             ... on Level 4 of the Dungeon.
             The game lasted 00:20:20 (2039 turns).

Finale the Grasshopper (Felid Warper)               Turns: 2039, Time: 00:20:23

HP  -2/15        AC  1     Str  7      XL: 3   Next: 39%
MP   3/6         EV 20     Int 15      God:
Gold 127         SH  0     Dex 15      Spells:  3 memorised,  1 level left
Lives: 0, deaths: 1

Res.Fire  : . . .   See Invis. : +     - Unarmed
Res.Cold  : . . .   Warding    : . . (armour unavailable)
Life Prot.: . . .   Conserve   : .   (shield unavailable)
Res.Acid. : . . .   Res.Corr.  : .   (helmet unavailable)
Res.Poison: .       Clarity    : .   (cloak unavailable)
Res.Elec. : .       Spirit.Shd : .   (gloves unavailable)
Sust.Abil.: . .     Stasis     : .   (boots unavailable)
Res.Mut.  : .       Ctrl.Telep.: .   (no amulet)
Res.Rott. : .       Levitation : .   (no ring)
Saprovore : . . .   Ctrl.Flight: .   (no ring)

@: quick, slightly resistant to hostile enchantments, stealthy
A: paw claws, no armour, no advanced items, fangs 3, see invisible, carnivore 3,
speed 1, slow metabolism 2, AC +1
a: no special abilities


You were on level 4 of the Dungeon.
You were not hungry.

You visited 1 branch of the dungeon, and saw 4 of its levels.

You collected 77 gold pieces.

Inventory:

Missiles
 a - 33 +0 stones
Comestibles
 g - a meat ration
Scrolls
 b - 2 scrolls of detect curse {unknown}
 d - a scroll of blinking
 e - a scroll of enchant weapon II {unknown}
 f - a scroll of identify {unknown}
 h - a scroll of remove curse {unknown}
 j - a scroll of curse jewellery {unknown}
Jewellery
 i - an uncursed ring of life protection {unknown}
Potions
 k - a potion of curing {unknown}
 l - a potion of heal wounds {unknown}
Books
 c - a book of Spatial Translocations

   Spells                             Type                      Level
   *Apportation                       Translocation                1
   Portal Projectile                  Translocation                2
   *Blink                             Translocation                2
   *Shroud of Golubria                Charms/Translocation         2
   Teleport Other                     Translocation                3
   Passage of Golubria                Translocation                4
   Control Teleport                   Charms/Translocation         4


   Skills:
 + Level 2,1 Fighting
 + Level 5,0 Dodging
 + Level 2,4 Stealth
 + Level 1,1 Stabbing
 + Level 2,2 Unarmed Combat
 + Level 2,2 Spellcasting
 + Level 5,2 Translocations


You had one spell level left.
You knew the following spells:

 Your Spells              Type           Power        Failure   Level  Hunger
a - Apportation           Tloc           ####......   2%          1    Strawberry
b - Blink                 Tloc           N/A          4%          2    Choko
c - Shroud of Golubria    Chrm/Tloc      ##........   12%         2    Choko

Dungeon Overview and Level Annotations

Branches:
Dungeon (4/27)
 Temple: D:4-7

Altars:

Annotations
D:3 Grinder


Innate Abilities, Weirdness & Mutations

You cannot wear armour.
You are incapable of any advanced item manipulation.
Your paws have sharp claws.
You have razor-sharp teeth.
You have supernaturally acute eyesight.
You are carnivorous and can eat meat at any time.
You cover ground quickly.
You are covered in fur (AC +1).
You have a slow metabolism.


Message History

Casting: Blink
Confirm with . or Enter, or press ? or * to list all spells.
You blink.
Found a stone staircase leading down.
There is a stone staircase leading down here.
You climb downwards.
A hound comes into view.
The hound barks!
You hear a shout!
There is a stone staircase leading up here.
You scratch the hound.
The hound begins to bleed from its wounds!
The hound is lightly wounded.
The hound bites you.
You barely miss the hound.
The hound is lightly wounded.
The hound gazes forward, looking utterly alone.
The hound bites you.
* * * LOW HITPOINT WARNING * * *
The hound bites you.
You die...

+ #..
#....####
#.....h@#
#...#####
#


You could see a hound (bleeding).

Vanquished Creatures
  An iguana (D:2)
  Ijyb (D:3)
  An adder (D:3)
  2 giant cockroaches (D:1)
  3 hobgoblins
  3 kobolds
  4 bats
  A giant newt (D:2)
  6 goblins
  A quokka (D:3)
  15 rats (D:1)
38 creatures vanquished.

Notes
Turn   | Place    | Note
--------------------------------------------------------------
     0 | D:1      | Finale, the Felid Warper, began the quest for the Orb.
     0 | D:1      | Reached XP level 1. HP: 9/9 MP: 2/2
    50 | D:1      | Reached XP level 2. HP: 4/12 MP: 4/4
    54 | D:1      | Learned a level 2 spell: Blink
    57 | D:1      | Learned a level 2 spell: Shroud of Golubria
  1074 | D:1      | Reached skill level 5 in Translocations
  1311 | D:2      | Reached skill level 1 in Stealth
  1456 | D:2      | Reached XP level 3. HP: 13/15 MP: 6/6
  1899 | D:3      | Noticed Ijyb
  1923 | D:3      | Killed Ijyb
  1923 | D:3      | Reached skill level 1 in Stabbing
  1923 | D:3      | Reached XP level 4. HP: 10/19 MP: 9/9
  1934 | D:3      | Noticed Grinder
  1937 | D:3      | Slain by Grinder
  1938 | D:3      | Reached XP level 3. HP: 0/15 MP: 6/6
  1976 | D:3      | Reached skill level 5 in Dodging
  2024 | D:3      | Paralysed by Grinder for 2 turns
  2039 | D:4      | Slain by a hound
